 Dungeon Crawl Stone Soup version 0.29-a0-323-g050149af67 (webtiles) character file.

Game seed: 227244401932974725

6019 Jortsu the Grappler (level 10, -5/94 HPs)
             Began as a Troll Fighter on Apr 12, 2022.
             Was an Elder of Dithmenos.
             Succumbed to a gnoll sergeant's poison
             ... on level 7 of the Dungeon.
             The game lasted 00:14:55 (5514 turns).

Jortsu the Grappler (Troll Fighter)                 Turns: 5514, Time: 00:14:56

Health: -5/94      AC:  9    Str: 28    XL:     10   Next: 56%
Magic:  9/9        EV: 12    Int:  2    God:    Dithmenos [****..]
Gold:   376        SH:  0    Dex: 17    Spells: 9/9 levels left

rFire   . . .      SeeInvis +   v - +0 giant spiked club
rCold   . . .      Faith    .   (shield currently unavailable)
rNeg    + . .      Spirit   .   c - +0 acid dragon scales
rPois   .          Reflect  .   (helmet restricted)
rElec   .          Harm     .   r - +0 cloak
rCorr   +          Rampage  .   (gloves unavailable)
Will    .....                   (boots unavailable)
Stlth   +++.......              s - amulet of regeneration
HPRegen 1.85/turn               k - ring "Icyfi" {rN+ Int-2 Dex+6 SInv}
MPRegen 0.11/turn               C - +4 ring of slaying

@: lethally poisoned (-5 -> -19), wreathed by umbra, studying Maces & Flails
A: large, unfitting armour, claws 3, regeneration 1, shaggy fur 1, tough skin 1
a: Renounce Religion, Shadow Step


You were on level 7 of the Dungeon.
You worshipped Dithmenos.
Dithmenos was greatly pleased with you.
You visited 1 branch of the dungeon, and saw 7 of its levels.
You also visited: Ossuary.

You collected 376 gold pieces.

Inventory:

Hand Weapons
 v - a +0 giant spiked club (weapon)
Missiles
 a - a throwing net (quivered)
Armour
 b - a +0 kite shield
 c - +0 acid dragon scales (worn)
 r - a +0 cloak (worn)
Jewellery
 h - a ring of magical power
 k - the ring "Icyfi" (left claw) {rN+ Int-2 Dex+6 SInv}
   (You acquired it on level 4 of the Dungeon)

   [ring of see invisible]

   Int:       It affects your intelligence (-2).
   Dex:       It affects your dexterity (+6).
   rN:        It protects you from negative energy.
   SInv:      It lets you see invisible.
 n - a +4 ring of protection
 s - an amulet of regeneration (around neck)
 w - a ring of protection from cold
 B - a ring of resist corrosion
 C - a +4 ring of slaying (right claw)
 E - a ring of positive energy
 F - a ring of protection from fire
Wands
 D - a wand of flame (37)
 G - a wand of digging (5)
Scrolls
 i - 2 scrolls of magic mapping
 j - 2 scrolls of brand weapon
 l - a scroll of holy word
 q - 2 scrolls of silence
 u - a scroll of amnesia
 y - a scroll of teleportation
Potions
 d - 2 potions of berserk rage
 e - 4 potions of curing
 f - 3 potions of brilliance
 g - 2 potions of magic
 m - a potion of mutation {unknown}
 o - 2 potions of invisibility {unknown}
 p - a potion of resistance
 t - 4 potions of lignification {unknown}
 x - a potion of ambrosia
 z - a potion of cancellation {unknown}
 A - a potion of heal wounds


   Skills:
 + Level 4.4 Fighting
 + Level 5.7 Maces & Flails
 + Level 3.0 Armour
 + Level 5.8 Dodging
 + Level 2.4 Stealth
 + Level 5.6 Shields
 + Level 10.2 Unarmed Combat


You had 9 spell levels left.
You didn't know any spells.
Your spell library contained the following spells:

 Spells                   Type           Power      Damage    Failure   Level
 Animate Skeleton         Necr           0%         N/A       61%         1
 Apportation              Tloc           0%         N/A       61%         1
 Summon Small Mammal      Summ           0%         N/A       61%         1
 Call Canine Familiar     Summ           0%         N/A       93%         3
 Confusing Touch          Hex            0%         N/A       93%         3
 Summon Guardian Golem    Hex/Summ       0%         N/A       93%         3
 Yara's Violent Unravell  Hex/Tmut       0%         3d3       100%        5
 Enfeeble                 Hex            0%         N/A       100%        7


Dungeon Overview and Level Annotations

Branches:
Dungeon (7/15)             Temple (0/1) D:4         Ossuary (visited)

Altars:
Dithmenos
Elyvilon
Fedhas
Nemelex Xobeh
Vehumet
Wu Jian

Shops:
D:1 (   D:5 =   D:6 [!


Innate Abilities, Weirdness & Mutations

You are too large for most types of armour.
You have claws for hands.
Your natural rate of healing is unusually fast.
You are covered in fur. (AC +1)
You have tough skin. (AC +1)


Message History

a +0 whip; a +0 whip The gnoll sergeant blocks your attack.
* * * LOW HITPOINT WARNING * * *
You feel extremely sick. The gnoll hits you with a +0 halberd.
* * * LOW HITPOINT WARNING * * *
The gnoll sergeant hits you but does no damage.
You are lethally poisoned!
You feel much better.
You feel extremely sick. The gnoll barely misses you.
The gnoll sergeant closely misses you. The gnoll attacks as you move away!
The gnoll hits you but does no damage.
You feel extremely sick. The gnoll misses you.
The gnoll sergeant hits you from afar with a +0 spear of venom.
* * * LOW HITPOINT WARNING * * *
You feel better. The gnoll closely misses you.
The gnoll sergeant hits you from afar with a +0 spear of venom!
* * * LOW HITPOINT WARNING * * *
You are poisoned.
You feel very sick. The gnoll hits you with a +0 halberd!
* * * LOW HITPOINT WARNING * * *
The gnoll sergeant hits you with a +0 spear of venom.
* * * LOW HITPOINT WARNING * * *
Things that are here:
a +0 whip; a +0 whip You barely miss the gnoll sergeant.
You feel very sick. The gnoll hits you with a +0 halberd.
* * * LOW HITPOINT WARNING * * *
The gnoll sergeant hits you with a +0 spear of venom!
* * * LOW HITPOINT WARNING * * *
You are lethally poisoned!
The gnoll barely misses you.
The gnoll sergeant hits you but does no damage.
You are more poisoned.
You sock the gnoll sergeant!
The gnoll sergeant is heavily wounded.
You die...

#.........#........
.....<.....#####'#
##......# ...#..
#...).# #.### #....#
...# #...## ###.#
#...# #.... #gg##
###.#.# ##@# #...#..
##.# # #.##### ##..#
#. #.....#
##..#####.#########'#
#...##.#.#.#.##)[.#.#
#...#.........#..(#.#
#...##.#.#.#.##..'#.#
##..#.........####...
#<..+#.#.#.#.#'..)...


You could see a gnoll sergeant and a gnoll.

Vanquished Creatures
  2 two-headed ogres (D:7)
  Maggie (D:6)
  3 trolls (D:7)
  A slime creature (D:7)
  A wraith (D:7)
  A yak (D:7)
  2 vampires (D:7)
  A vampire mosquito (D:7)
  Edmund (D:6)
  2 water moccasins
  Duvessa (D:5)
  3 black bears
  A sky beast (D:5)
  A centaur (D:7)
  A phantom (D:5)
  A bullfrog (D:6)
  A kobold brigand (D:7)
  2 necrophages (D:7)
  11 scorpions
  Dowan (D:5)
  A killer bee (D:7)
  An electric eel (D:6)
  2 centaur zombies (Ossuary)
  A hound (D:4)
  4 jellies
  3 orc priests
  3 human zombies (Ossuary)
  2 iguanas
  3 scorpion zombies (Ossuary)
  7 orc wizards
  3 mummies (Ossuary)
  13 adders
  7 gnolls
  2 shadow imps (D:6)
  3 white imps
  2 dart slugs
  17 orcs
  7 ball pythons
  8 endoplasms
  2 giant cockroaches
  6 goblins
  6 hobgoblins
  13 jackals
  5 quokkas
  6 bats
  A frilled lizard (D:2)
  6 goblin zombies (Ossuary)
  3 hobgoblin zombies (Ossuary)
  8 kobolds
  2 orc zombies (Ossuary)
  3 rats
188 creatures vanquished.

Vanquished Creatures (others)
  A plant (D:3)
1 creature vanquished.

Grand Total: 189 creatures vanquished

Notes
Turn   | Place    | Note
-------+----------+-------------------------------------------
     0 | D:1      | Jortsu the Troll Fighter began the quest for the Orb.
     0 | D:1      | Reached XP level 1. HP: 22/22 MP: 0/0
   186 | D:1      | Reached XP level 2. HP: 29/29 MP: 1/1
   653 | D:1      | Found Veihefay's Weapon Shoppe.
   908 | D:2      | Reached XP level 3. HP: 36/36 MP: 2/2
  1181 | D:2      | Reached XP level 4. HP: 42/44 MP: 3/3
  1844 | D:3      | Reached skill level 3 in Unarmed Combat
  1910 | D:3      | Found a sparkling altar of Nemelex Xobeh.
  2328 | D:3      | Found a faded altar of an unknown god.
  2333 | D:3      | Prayed at the altar of an unknown god.
  2333 | D:3      | Became a worshipper of Dithmenos the Shadowed
  2333 | D:3      | Reached * piety under Dithmenos
  2410 | D:4      | Found a staircase to the Ecumenical Temple.
  2410 | D:4      | Noticed a scorpion
  2418 | D:4      | Killed a scorpion
  2419 | D:4      | Reached XP level 5. HP: 53/53 MP: 4/4
  2427 | D:4      | Noticed a black bear
  2444 | D:4      | Killed a black bear
  2445 | D:4      | Reached XP level 6. HP: 39/61 MP: 5/5
  2446 | D:4      | Reached skill level 4 in Unarmed Combat
  2530 | D:4      | Found a blossoming altar of Fedhas.
  2779 | D:4      | Reached ** piety under Dithmenos
  2994 | D:4      | Identified a scroll of acquirement
  2994 | D:4      | Acquired the ring "Icyfi" {rN+ Int-2 Dex+6 SInv}
  3013 | D:5      | Entered Level 5 of the Dungeon
  3023 | D:5      | Reached XP level 7. HP: 48/67 MP: 6/6
  3106 | D:5      | Noticed Dowan
  3119 | D:5      | Reached skill level 5 in Unarmed Combat
  3129 | D:5      | Killed Dowan
  3190 | D:5      | Noticed Duvessa
  3205 | D:5      | Killed Duvessa
  3257 | D:5      | Reached skill level 1 in Stealth
  3257 | D:5      | Reached skill level 6 in Unarmed Combat
  3299 | D:5      | Reached XP level 8. HP: 20/75 MP: 7/7
  3391 | D:5      | Found Yrig's Jewellery Shop.
  3810 | D:6      | Noticed Edmund
  3822 | D:6      | Found a white marble altar of Elyvilon.
  3843 | D:6      | Killed Edmund
  3844 | D:6      | Reached skill level 7 in Unarmed Combat
  3953 | D:6      | Found a sand-covered staircase.
  3960 | Ossuary  | Entered an ossuary
  4055 | Ossuary  | Reached *** piety under Dithmenos
  4056 | Ossuary  | Reached skill level 5 in Dodging
  4149 | Ossuary  | Reached skill level 5 in Shields
  4170 | Ossuary  | Reached XP level 9. HP: 83/83 MP: 8/8
  4183 | Ossuary  | Reached skill level 8 in Unarmed Combat
  4469 | D:6      | Noticed Maggie
  4476 | D:6      | Killed Maggie
  4573 | D:6      | Reached skill level 9 in Unarmed Combat
  4643 | D:6      | Found a radiant altar of Vehumet.
  4727 | D:6      | Found Kiynegedo's Distillery.
  4728 | D:6      | Found Untulel's Antique Armour Boutique.
  4851 | D:6      | Found an ornate altar of the Wu Jian Council.
  5121 | D:7      | Noticed a two-headed ogre
  5127 | D:7      | Killed a two-headed ogre
  5128 | D:7      | Reached skill level 1 in Armour
  5200 | D:7      | Reached XP level 10. HP: 69/92 MP: 9/9
  5226 | D:7      | Reached skill level 1 in Maces & Flails
  5226 | D:7      | Reached skill level 10 in Unarmed Combat
  5240 | D:7      | Noticed a two-headed ogre
  5249 | D:7      | Killed a two-headed ogre
  5307 | D:7      | Acquired a manual of Maces & Flails
  5340 | D:7      | Reached **** piety under Dithmenos
  5380 | D:7      | Reached skill level 5 in Maces & Flails
  5513 | D:7      | HP: 1/94 [gnoll sergeant/+0 spear of venom (7)]
  5514 | D:7      | Succumbed to a gnoll sergeant's poison

Illustrated notes

Levels and vault maps discovered:
D:1:      wheals_arrival_linesprint, layout_basic, serial_shops, shop, hex_large
D:2:      layout_basic
D:3:      cheibrodos_old_hovel, layout_basic, nicolae_overflow_crystal_walls,
          shapermc_ecumenical_altar_acropolis, chequers_serial_rivers_large_b,
          corexii_shack, nrook_uturn, minmay_misc_feat_chi,
          grunt_decor_arrowhead, serial_bayou_pond_c
D:4:      layout_rooms, fedhas_altar_3, minmay_temple_entry_wispy
D:5:      layout_loops_ring, serial_shops, nicolae_square_shop, uniq_duvessa
D:6:      layout_gridville, lemuel_coloured_pillars_altar,
          mainiacjoe_overflow_alcove_1, mainiacjoe_overflow_brackets,
          enter_ossuary_1, minmay_misc_feat_square, nicolae_wooded_promenade,
          uniq_maggie, uniq_edmund
D:7:      minmay_the_grid_plus_closed [minmay_the_grid_paths,
          minmay_the_grid_minigrid_small_alt, minmay_the_grid_square_x,
          minmay_the_grid_odd_star, minmay_the_grid_prize_four_corners],
          layout_rooms

Skill      XL: |  1  2  3  4  5  6  7  8  9 10 |
---------------+-------------------------------+-----
Shields        | 3 4 5 |  5.6
Dodging        | 3 4 5 |  5.8
Unarmed Combat | 3 4 6 7 9 10 | 10.2
Fighting       | 3 4 |  4.4
Stealth        | 1 2 |  2.4
Armour         | 1 3 |  3.0
Maces & Flails | 5 |  5.7

Action                   |  1- 3 |  4- 6 |  7- 9 | 10-12 || total
-------------------------+-------+-------+-------+-------++-------
Melee: Unarmed           |    91 |   141 |   253 |       ||   485
       Giant spiked club |       |       |    11 |    85 ||    96
  Use: Scroll            |     3 |     9 |     7 |     1 ||    20
       Potion            |       |       |     1 |     2 ||     3
 Stab: Sleeping          |       |     3 |     7 |       ||    10
       Distracted        |       |       |     1 |       ||     1
Armor: Robe              |    65 |    37 |    40 |       ||   142
       Acid dragon scale |       |       |    10 |    52 ||    62
Dodge: Dodged            |    56 |    61 |    74 |   101 ||   292
Block: Kite shield       |    49 |    48 |   108 |       ||   205

Table legend: (Time is in decaauts)
 A = Elapsed time spent in this place.
 B = Non-inter-level travel time spent in this place.
 C = Inter-level travel time spent in this place.
 D = Time resting spent in this place.
 E = Time spent auto-exploring this place.
 F = Levels seen in this place.
 G = Mean time per level.
                   A        B        C        D        E       F      G
               +--------+--------+--------+--------+--------+-----+--------+
         Total |   5614 |   5425 |    189 |    264 |   3307 |   8 |  701.8 |
       Dungeon |   5236 |   5047 |    189 |    264 |   3267 |   7 |  748.0 |
       Ossuary |    377 |    377 |      0 |      0 |     40 |   1 |  377.0 |
               +--------+--------+--------+--------+--------+-----+--------+

Top non-repeatable levels by time:
     D:6: 905 daAuts
     D:1: 894 daAuts
     D:3: 838 daAuts
     D:5: 775 daAuts
     D:2: 718 daAuts
     D:4: 605 daAuts
     D:7: 498 daAuts
 Ossuary: 377 daAuts
